 Dungeon Crawl Stone Soup version 0.22-a0-352-gc608dd7 (webtiles) character file.

2256 b5mith the Basher (level 9, -5/129 HPs)
             Began as a Minotaur Berserker on Apr 13, 2018.
             Was a High Priest of Trog.
             Slain by a two-headed ogre
             ... wielding a cursed +0 giant club
              (11 damage)
             ... on level 6 of the Dungeon.
             The game lasted 00:13:18 (5994 turns).

b5mith the Basher (Minotaur Berserker)              Turns: 5994, Time: 00:13:19

Health: -5/129     AC:  9    Str: 30    XL:     9   Next: 15%
Magic:  8/8        EV:  9    Int:  4    God:    Trog [*****.]
Gold:   429        SH:  0    Dex: 10    Spells: 8/8 levels left

rFire    . . .     SeeInvis +   a - +0 mace
rCold    . . .     Gourm    .   (no shield)
rNeg     . . .     Faith    .   g - +1 chain mail
rPois    +         Spirit   .   (helmet restricted)
rElec    .         Reflect  .   (no cloak)
rCorr    .         Harm     .   (no gloves)
MR       .....                  (no boots)
Stlth    ..........             (no amulet)
HPRegen  0.31/turn              y - ring of poison resistance
MPRegen  0.11/turn              n - ring of see invisible

@: berserking (expiring), very quick
A: retaliatory headbutt, horns 2
a: Berserk, Trog's Hand, Brothers in Arms, Renounce Religion


You were on level 6 of the Dungeon.
You worshipped Trog.
Trog was extremely pleased with you.
You were hungry.

You visited 1 branch of the dungeon, and saw 7 of its levels.

You collected 429 gold pieces.

Inventory:

Hand Weapons
 a - a +0 mace (weapon)
 s - a +0 club
   (You took it off a goblin on level 3 of the Dungeon)
Missiles
 B - 58 stones (quivered)
Armour
 b - a +0 animal skin
 g - a +1 chain mail (worn)
   (You found it on level 1 of the Dungeon)
Jewellery
 n - a ring of see invisible (right hand)
   (You found it on level 2 of the Dungeon)
 t - an uncursed amulet of faith {unknown}
   (You found it on level 6 of the Dungeon)
 y - a ring of poison resistance (left hand)
   (You found it on level 4 of the Dungeon)
 E - an uncursed amulet of magic regeneration
   (You took it off Ijyb on level 5 of the Dungeon)
Wands
 p - a wand of polymorph (23)
   (You found it on level 3 of the Dungeon)
 D - a wand of acid (8)
   (You took it off Ijyb on level 5 of the Dungeon)
Scrolls
 e - 2 scrolls of remove curse {@r2}
 f - a scroll of amnesia {unknown}
 l - 3 scrolls of enchant armour
 q - a scroll of teleportation {unknown}
 r - 2 scrolls of blinking
 u - 3 scrolls of random uselessness
 x - 2 scrolls of immolation {unknown}
 G - a scroll of magic mapping {unknown}
 H - a scroll of identify {@r1}
 J - a scroll of acquirement {unknown}
Potions
 d - 2 potions of cancellation
 h - 2 potions of curing {@q1}
 i - a potion of ambrosia {unknown}
 j - a potion of brilliance {unknown}
 k - a potion of resistance {unknown}
 m - a potion of agility {unknown}
 o - a potion of heal wounds {unknown}
 v - 3 potions of lignification
 w - 2 potions of mutation {!q}
 z - a potion of invisibility {unknown}
 A - 2 potions of magic {unknown}
 F - a potion of haste {unknown}
 I - a potion of flight {unknown}
Comestibles
 c - 16 rations
 C - 2 chunks of flesh


   Skills:
 + Level 10.8 Fighting
 + Level 10.8 Maces & Flails
 - Level 2.4 Armour
 - Level 2.1 Dodging


You had 8 spell levels left.
You didn't know any spells.

Dungeon Overview and Level Annotations

Branches:
Dungeon (7/15)             Temple (0/1) D:4

Altars:
Cheibriados
Fedhas
Makhleb
Okawaru
Ru
Sif Muna
The Shining One

Annotations:
D:3 2 transporters


Innate Abilities, Weirdness & Mutations

You reflexively headbutt those who attack you in melee.
You have a pair of horns on your head.


Message History

Partly explored, can't reach some places.
Partly explored, can't reach some places.
Drop what? 36/52 slots (_ for help) (? for menu, Esc to quit)
Okay, then.
There is a stone staircase leading up here.
You see here a ring mail.
Really walk into that teleport trap?
You enter a teleport trap!
The teleport trap disappears.
Your surroundings suddenly seem different.
A two-headed ogre comes into view. It is wielding two giant clubs.
Found a ring mail.
Found an escape hatch in the floor.
Found a stone staircase leading up.
There is a stone staircase leading up here.
You sock the two-headed ogre!
The two-headed ogre is lightly wounded.
The two-headed ogre hits you with a giant club!
The two-headed ogre hits you with a giant club.
You thump the two-headed ogre! You headbutt the two-headed ogre!
The two-headed ogre is heavily wounded.
The two-headed ogre hits you with a giant club!!
* * * LOW HITPOINT WARNING * * *
The two-headed ogre hits you with a giant club!!
* * * LOW HITPOINT WARNING * * *
You hear a shout!
You are too injured to fight recklessly!
A red film seems to cover your vision as you go berserk!
You feel yourself moving faster!
You feel mighty!
You are feeling hungry.
You thump the two-headed ogre!
The two-headed ogre is severely wounded.
The two-headed ogre hits you with a giant club.
* * * LOW HITPOINT WARNING * * *
The two-headed ogre hits you with a giant club!
* * * LOW HITPOINT WARNING * * *
A kobold comes into view. It is wielding a whip.
You hit the two-headed ogre.
The two-headed ogre is severely wounded.
You barely miss the two-headed ogre.
Your headbutt misses the two-headed ogre.
The two-headed ogre is severely wounded.
The two-headed ogre barely misses you. The two-headed ogre closely misses you.
A big kobold comes into view. It is wielding a whip.
The big kobold shouts!
You climb upwards.
You feel a strong urge to attack something.
There is a stone staircase leading down here.
You hit the two-headed ogre.
The two-headed ogre is almost dead.
The two-headed ogre hits you with a giant club!
You die...

#.#. #... #.#. #.#.
#.#. ##########.#.
######..........#.
######...........######
#.....@.....####.# #..
#.##...O....# #.# ###
#.##.#.####.# #.#
#.##.#.# #.# #.#
#.##...####.# #.#
#.##........# #.#
#.##...####.## #.#
#.##...###...# #.# ###
##..........#.#
#.###.##


You could see a two-headed ogre.

Vanquished Creatures
  Prince Ribbit (D:5)
  The ghost of NervFog the Gusty, an amateur TeAE of Ru (D:5)
  Sigmund (D:5)
  The ghost of twitchblade17 the Chiller, an amateur DrIE (D:3)
  Duvessa (D:5)
  2 ice beasts
  3 ogres
  A big kobold (D:5)
  Dowan (D:5)
  2 scorpions
  2 crimson imps
  A bullfrog zombie (D:5)
  4 hounds
  3 iguanas
  A centaur skeleton (D:4)
  Jessica (D:2)
  Ijyb (D:5)
  Natasha (thrice) (D:4)
  2 worker ants
  A hound skeleton (D:6)
  6 gnolls
  13 adders
  3 oozes
  An adder zombie (D:5)
  5 worms
  3 dart slugs
  4 leopard geckos
  11 orcs
  9 giant cockroaches
  6 goblins
  6 hobgoblins
  15 jackals
  27 kobolds
  3 quokkas
  2 ball pythons
  8 bats
  7 frilled lizards
  A jackal skeleton (D:4)
  A leopard gecko skeleton (D:4)
  A quokka skeleton (D:5)
  3 rats
168 creatures vanquished.

Vanquished Creatures (others)
  A quokka (D:7)
1 creature vanquished.

Grand Total: 169 creatures vanquished

Notes
Turn   | Place    | Note
-------+----------+-------------------------------------------
     0 | D:1      | b5mith the Minotaur Berserker began the quest for the Orb.
     0 | D:1      | Reached XP level 1. HP: 19/19 MP: 0/0
   191 | D:1      | Reached XP level 2. HP: 26/27 MP: 1/1
   597 | D:2      | Reached ** piety under Trog
   604 | D:2      | Reached XP level 3. HP: 29/34 MP: 2/2
   841 | D:2      | Noticed an ice beast
   853 | D:2      | Killed an ice beast
   853 | D:2      | Reached skill level 5 in Fighting
   853 | D:2      | Reached skill level 5 in Maces & Flails
   853 | D:2      | Reached XP level 4. HP: 4/42 MP: 3/3
   853 | D:2      | Reached XP level 5. HP: 5/49 MP: 4/4
  1164 | D:2      | Noticed Jessica
  1190 | D:2      | Killed Jessica
  1704 | D:3      | Found a transporter.
  1749 | D:3      | Found a transporter.
  1765 | D:3      | Noticed twitchblade17's ghost (amateur DrIE)
  1768 | D:3      | Reached XP level 6. HP: 58/58 MP: 5/5
  1777 | D:3      | Killed twitchblade17's ghost
  1777 | D:3      | Reached *** piety under Trog
  2023 | D:3      | Found a deep blue altar of Sif Muna.
  2162 | D:4      | Reached XP level 7. HP: 54/66 MP: 6/6
  2189 | D:4      | Noticed Natasha
  2196 | D:4      | Killed Natasha
  2368 | D:4      | Reached **** piety under Trog
  2462 | D:4      | Found a staircase to the Ecumenical Temple.
  2684 | D:4      | Noticed Natasha
  2693 | D:4      | Killed Natasha
  3098 | D:4      | Noticed Natasha
  3105 | D:4      | Killed Natasha
  3443 | D:4      | Found a burning altar of Makhleb.
  3844 | D:5      | Entered Level 5 of the Dungeon
  3890 | D:5      | Noticed Duvessa
  3893 | D:5      | Noticed Dowan
  3900 | D:5      | Killed Duvessa
  3912 | D:5      | Killed Dowan
  3912 | D:5      | Reached XP level 8. HP: 49/77 MP: 7/7
  3992 | D:5      | Noticed NervFog's ghost (amateur TeAE)
  3999 | D:5      | Killed NervFog's ghost
  4283 | D:5      | Noticed Prince Ribbit
  4308 | D:5      | Killed Prince Ribbit
  4584 | D:5      | Noticed Sigmund
  4597 | D:5      | Killed Sigmund
  4597 | D:5      | Reached skill level 10 in Fighting
  4597 | D:5      | Reached skill level 10 in Maces & Flails
  4681 | D:5      | Noticed Ijyb
  4760 | D:5      | Killed Ijyb
  5021 | D:6      | Reached XP level 9. HP: 64/86 MP: 8/8
  5321 | D:6      | Found a glowing golden altar of the Shining One.
  5372 | D:6      | Reached ***** piety under Trog
  5459 | D:6      | Found a sacrificial altar of Ru.
  5588 | D:6      | Found a snail-covered altar of Cheibriados.
  5630 | D:6      | Found an iron altar of Okawaru.
  5907 | D:7      | Found a blossoming altar of Fedhas.
  5979 | D:7      | Noticed a two-headed ogre
  5989 | D:7      | HP: 5/129 [two-headed ogre/giant club (8)]
  5994 | D:6      | Slain by a two-headed ogre

Vault maps used:
D:1:      lemuel_arrival_muddy
D:2:      serial_curves, eino_curves_03, eino_curves_03, eino_curves_02,
          uniq_jessica
D:3:      gammafunk_steamed_eel, first_ration, kennysheep_cluttered_room,
          tgw_sif
D:4:      makhleb_heckhound_becter, temple_green, uniq_natasha
D:5:      kennysheep_kobold_camp, uniq_duvessa, uniq_sigmund,
          uniq_prince_ribbit1, uniq_ijyb
D:6:      slow_altar_2, nicolae_ru_sacrificial_ziggurat,
          nicolae_tso_swordbearing_angel, kennysheep_okawaru_gauntlet
D:7:      fedhas_altar_fruit_tree, elyvilon_altar_4

Skill      XL: |  1  2  3  4  5  6  7  8 |
---------------+-------------------------+-----
Fighting       | 4 5 6 7 8 10 | 10.8
Maces & Flails | 4 5 6 7 8 10 | 10.8
Armour         | |  2.4
Dodging        | |  2.1

Action                   |  1- 3 |  4- 6 |  7- 9 || total
-------------------------+-------+-------+-------++-------
Melee: Mace              |    73 |   117 |   286 ||   476
       Headbutt          |    13 |    18 |    56 ||    87
Invok: Berserk           |     1 |     1 |     2 ||     4
  Use: Scroll            |       |       |     8 ||     8
       Potion            |       |       |     1 ||     1
  Eat: Chunk             |       |     6 |    14 ||    20
Armor: Chain mail        |    31 |    78 |   108 ||   217
       Animal skin       |     7 |       |       ||     7
Dodge: Dodged            |    45 |    50 |   116 ||   211

Table legend:
 A = Spawn XP
 B = Non-spawn XP
 C = Spawn XP percentage of total XP
 D = Spawn monster count
 E = Non-spawn monster count
 F = Spawn count percentage of total count
 G = Total turns spent on level
                    A         B        C        D         E        F      G
               +---------+---------+-------+---------+---------+-------+---------
         Total |       0 |    3224 |   0.0 |       0 |     168 |   0.0 |  5994
               +---------+---------+-------+---------+---------+-------+---------
           D:1 |       0 |      32 |   0.0 |       0 |      17 |   0.0 |   595
           D:2 |       0 |     326 |   0.0 |       0 |      37 |   0.0 |  1036
           D:3 |       0 |     320 |   0.0 |       0 |      25 |   0.0 |   524
           D:4 |       0 |     568 |   0.0 |       0 |      30 |   0.0 |  1689
           D:5 |       0 |    1453 |   0.0 |       0 |      43 |   0.0 |  1169
           D:6 |       0 |     363 |   0.0 |       0 |      14 |   0.0 |   829
           D:7 |       0 |     162 |   0.0 |       0 |       2 |   0.0 |   152
               +---------+---------+-------+---------+---------+-------+---------
